 Dungeon Crawl Stone Soup version 0.30-a0-738-g116ff8c4af (webtiles) character file.

Game seed: 2403007350318430880

43694 NinjaNoafa the Severer (level 14, -5/121 HPs)
             Began as a Hill Orc Fighter on Feb 3, 2023.
             Was the Champion of Beogh.
             Slain by a naga warrior
             ... wielding a +0 glaive
              (39 damage)
             ... on level 1 of the Snake Pit.
             The game lasted 00:48:58 (19062 turns).

NinjaNoafa the Severer (Hill Orc Fighter)          Turns: 19062, Time: 00:48:59

Health: -5/121     AC: 24    Str: 20    XL:     14   Next: 25%
Magic:  23/23      EV:  3    Int:  8    God:    Beogh [******]
Gold:   1854       SH: 14    Dex: 17    Spells: 13/13 levels left

rFire   + . .      SeeInvis .    L - +7 broad axe (flame)
rCold   . . .      Faith    +    R - +0 kite shield
rNeg    . . .      Spirit   .    a - +6 plate armour {rF+}
rPois   +          Reflect  .    A - +0 helmet
rElec   .          Harm     .    K - scarf {repulsion}
rCorr   +          Rampage  .    u - +0 pair of fencer's gloves {Riposte Dex+3}
Will    +....                    q - +0 pair of boots Stlth
                                 t - amulet of faith
HPRegen 0.40/turn                C - ring of poison resistance
MPRegen 0.18/turn                X - ring of resist corrosion

@: constricted, studying Shields, repel missiles
A: walk on water
a: Renounce Religion, Smiting, Recall Orcish Followers, Give Item to Named
Follower, Resurrection


You were on level 1 of the Snake Pit.
You worshipped Beogh.
Beogh was exalted by your worship.
You visited 5 branches of the dungeon, and saw 21 of its levels.
You also visited: Sewer and Bailey.

You collected 2669 gold pieces.
You spent 815 gold pieces at shops.

Inventory:

Hand Weapons
 L - a +7 broad axe of flaming (weapon)
Missiles
 e - 10 curare-tipped darts
 B - 13 boomerangs (quivered)
 H - a boomerang of dispersal
 O - 11 javelins
 V - 2 throwing nets
Armour
 a - a +6 plate armour of fire resistance (worn)
 q - a +0 pair of boots (worn)
 u - the +0 pair of fencer's gloves (worn) {Riposte Dex+3}
   (You found it on level 5 of the Lair of Beasts)

   Riposte:   It allows the wearer to riposte with melee weapons, swiftly
   retaliating against missed or blocked melee attacks.
   Dex:       It affects your dexterity (+3).
 A - a +0 helmet (worn)
 K - a scarf of repulsion (worn)
 R - a +0 kite shield (worn)
Jewellery
 p - a ring of see invisible
 t - an amulet of faith (around neck)
 w - a ring of flight
 C - a ring of poison resistance (left hand)
 X - a ring of resist corrosion (right hand)
Wands
 c - a wand of polymorph (11)
 o - a wand of roots (18)
 S - a wand of mindburst (15)
 T - a wand of charming (13)
 Y - a wand of flame (11)
Scrolls
 b - 3 scrolls of blinking
 f - 4 scrolls of fear
 h - 2 scrolls of magic mapping
 n - a scroll of identify
 r - 3 scrolls of poison
 s - 4 scrolls of teleportation
 v - 3 scrolls of vulnerability
 y - 5 scrolls of fog
 G - 5 scrolls of summoning
 J - a scroll of silence
 Q - 3 scrolls of immolation
Potions
 d - 2 potions of might
 g - 5 potions of flight
 i - a potion of lignification
 j - a potion of magic
 k - 6 potions of haste
 l - 12 potions of curing
 x - 4 potions of brilliance
 z - 3 potions of cancellation
 D - 2 potions of attraction
 E - 6 potions of ambrosia
 F - 8 potions of heal wounds
 I - 2 potions of berserk rage
 M - 4 potions of invisibility
 N - 5 potions of resistance
Miscellaneous
 Z - a condenser vane


   Skills:
 + Level 10.0 Fighting
 + Level 16.9 Axes
 + Level 5.0 Throwing
 + Level 10.0 Armour
 + Level 16.0 Shields
 - Level 12.0 Invocations
 - Level 8.0 Evocations


You had 13 spell levels left.
You didn't know any spells.
Your spell library contained the following spells:

 Spells                   Type           Power      Damage    Failure   Level
 Shock                    Conj/Air       0%         1d3       100%        1
 Summon Small Mammal      Summ           0%         N/A       100%        1
 Ensorcelled Hibernation  Hex/Ice        0%         N/A       100%        2
 Call Canine Familiar     Summ           0%         N/A       100%        3
 Portal Projectile        Hex/Tloc       0%         N/A       100%        3
 Spider Form              Tmut/Pois      0%         N/A       100%        3
 Summon Guardian Golem    Hex/Summ       0%         N/A       100%        3
 Swiftness                Air            0%         N/A       100%        3
 Tukima's Dance           Hex            0%         N/A       100%        3
 Airstrike                Air            0%         2d(0-16)  100%        4
 Anguish                  Hex/Necr       0%         N/A       100%        4
 Animate Dead             Necr           0%         N/A       100%        4
 Passage of Golubria      Tloc           0%         N/A       100%        4
 Petrify                  Tmut/Erth      0%         N/A       100%        4
 Blade Hands              Tmut           0%         N/A       100%        5
 Metabolic Englaciation   Hex/Ice        0%         N/A       100%        5
 Yara's Violent Unravell  Hex/Tmut       0%         3d3       100%        5
 Statue Form              Tmut/Erth      0%         N/A       100%        6
 Haunt                    Necr/Summ      0%         N/A       100%        7
 Orb of Destruction       Conj           0%         9d5       100%        7
 Spellforged Servitor     Conj/Summ      0%         N/A       100%        7
 Infestation              Necr           0%         N/A       100%        8


Dungeon Overview and Level Annotations

Branches:
Dungeon (12/15)            Temple (1/1) D:5            Lair (5/5) D:11
 Shoals (0/4) Lair:3        Snake (1/4) Lair:2        Slime (0/5) Lair:4
    Orc (2/2) D:12            Elf (0/3) Orc:2         Sewer (visited)
 Bailey (visited)

Altars:
Ashenzari
Cheibriados
Dithmenos
Elyvilon
Fedhas
Gozag
Hepliaklqana
Kikubaaqudgha
Makhleb
Nemelex Xobeh
Okawaru
Qazlal
Ru
Sif Muna
Trog
Uskayaw
Vehumet
Wu Jian
Xom
Yredelemnul
Zin
The Shining One

Shops:
D:3 *   D:5 ?[   D:9 *   Orc:2 ([!(   Snake:1 (

Annotations:
D:3 2 transporters, GiantSquids's ghost, amateur BaHu
D:8 exclusion: 2 oklob saplings
Lair:4 1 runed translucent door


Message History

The splash of poison hits you but does no damage.
You resist.
You slash the naga warrior! You burn the naga warrior.
The naga warrior is heavily wounded.
The naga warrior hits your orc knight with a +0 trident!
The naga warrior constricts your orc knight.
Your orc knight hits the naga warrior with a +0 falchion!!
You block the naga warrior's attack.
You riposte.
You completely miss the naga warrior.
The naga warrior is heavily wounded.
The naga warrior grabs you. The naga warrior constricts you.
You hit the naga warrior but do no damage.
The naga warrior is heavily wounded.
You block the salamander's attack.
The naga warrior hits your orc knight with a +0 trident!
The naga warrior constricts your orc knight.
Your orc knight hits the naga warrior with a +0 falchion.
The naga warrior dies!
Beogh accepts your kill.
The naga warrior hits you with a +0 glaive!!
The naga warrior constricts you.
You slash the naga warrior! You burn the naga warrior.
The naga warrior is severely wounded.
The salamander hits you from afar with a +4 halberd!!
You are engulfed in flames.
You resist.
Your orc knight hits the naga warrior with a +0 falchion!
You closely miss the naga warrior.
The naga warrior is almost dead.
The naga no longer looks unusually strong.
The naga warrior hits you with a +0 glaive!!
* * * LOW HITPOINT WARNING * * *
The naga warrior constricts you.
* * * LOW HITPOINT WARNING * * *
You block the salamander's attack.
The naga warrior's grasp on you weakens, but your attempt to escape fails.
The salamander no longer looks unusually strong.
Your orc knight looks more healthy.
Your orc knight closely misses the naga warrior.
The naga warrior hits you with a +0 glaive!!!
You die... ##. #... #... #... #.N# ##NN# ##oN# ##o@# #ooo#

##oo##
#oo##
#ooo###
##....#
###..##
##..##
##..#


You could see a naga warrior (strong, catching breath, ally target), a
salamander, 2 nagas, 3 friendly orc knights, the friendly Brunolf the orc knight
(strong), the friendly Morguth the orc knight (strong), 2 friendly orc knights
and 4 friendly orc warriors.

Vanquished Creatures
  Fannar (Lair:3)
  A catoblepas (Lair:1)
  2 anacondas (Snake:1)
  A naga warrior (Snake:1)
  A naga sharpshooter (Snake:1)
  A fire crab (Lair:3)
  A mana viper (Snake:1)
  Pikel (D:5)
  A cyclops (D:12)
  An ugly thing (D:11)
  An elephant (Lair:5)
  A naga mage (Snake:1)
  6 black mambas
  A guardian serpent (Snake:1)
  4 cane toads
  A rime drake (Lair:3)
  A meliai (Lair:5)
  A hornet (D:11)
  2 blink frogs (Lair:5)
  A snapping turtle (Lair:3)
  A vampire (D:10)
  2 wyverns
  7 yaks
  A naga (Snake:1)
  An acid dragon (D:11)
  A warg (Orc:2)
  8 water moccasins
  3 orc warriors
  3 black bears
  A sky beast (D:6)
  An ogre (Orc:1)
  A wolf (Lair:5)
  2 phantoms
  7 centaurs
  4 lemures (D:4)
  5 wights
  9 killer bees
  An electric eel (Lair:2)
  4 howler monkeys
  A lava snake (Lair:2)
  3 orc priests
  3 hounds
  A jelly (D:6)
  3 iguanas
  4 orc wizards
  A hell rat (Sewer)
  8 gnolls (D:5)
  7 adders
  2 river rats (Sewer)
  An ufetubus (D:5)
  3 worms (D:4)
  3 dart slugs
  21 orcs
  7 ball pythons
  2 endoplasms
  6 giant cockroaches
  2 goblins
  2 hobgoblins
  8 jackals
  6 kobolds
  4 quokkas
  5 bats
  3 frilled lizards
  35 rats
233 creatures vanquished.

Vanquished Creatures (collateral kills)
  An orc warlord (Orc:2)
  3 hydras
  An anaconda (Snake:1)
  A catoblepas (Lair:5)
  A two-headed ogre (D:11)
  A deep troll shaman (Lair:5)
  7 death yaks (Lair:5)
  A naga warrior (Snake:1)
  Sonja (Orc:1)
  Lodul (D:12)
  A lindwurm (Lair:5)
  2 orc knights
  2 naga ritualists (Snake:1)
  A mana viper (Snake:1)
  An ugly thing (D:11)
  2 oklob plants
  A salamander (Lair:2)
  An orc sorcerer (Orc:2)
  A manticore (D:12)
  6 black mambas
  3 naga magi (Snake:1)
  6 elephants (Lair:5)
  Maggie (D:8)
  5 cane toads
  An unseen horror (D:11)
  3 rime drakes
  13 komodo dragons
  4 trolls
  A queen bee (Lair:5)
  A hornet (D:10)
  2 meliai (Lair:5)
  24 blink frogs
  6 dream sheep (Lair:5)
  2 shadows
  4 basilisks
  5 wyverns
  28 yaks
  6 nagas (Snake:1)
  A warg (Orc:1)
  An acid dragon (D:10)
  12 water moccasins
  A black bear (Lair:5)
  16 orc warriors
  10 wolves
  13 ogres
  9 centaurs
  10 bullfrogs
  3 gnoll sergeants
  A necrophage (D:7)
  10 wights
  27 killer bees
  2 oklob saplings (D:8)
  2 howler monkeys
  An electric eel (Lair:2)
  2 lava snakes (Lair:2)
  A hound (D:8)
  4 orc priests
  2 jellies
  2 iguanas
  2 orc wizards
  12 gnolls
  6 adders
  A shadow imp (D:6)
  A white imp (D:7)
  19 orcs
  3 ball pythons (D:8)
  2 bushes
  A plant (Lair:2)
328 creatures vanquished.

Vanquished Creatures (others)
  An orc high priest (Lair:5)
  3 orc knights
  13 orc warriors
  8 orc priests
  4 orc wizards
  48 orcs
  25 fungi
  63 plants
165 creatures vanquished.

Grand Total: 726 creatures vanquished

Notes
Turn   | Place    | Note
-------+----------+-------------------------------------------
     0 | D:1      | NinjaNoafa the Hill Orc Fighter began the quest for the
                  | Orb.
     0 | D:1      | Reached XP level 1. HP: 19/19 MP: 1/1
   228 | D:1      | Reached XP level 2. HP: 24/26 MP: 2/2
   425 | D:2      | Reached XP level 3. HP: 31/31 MP: 3/3
   457 | D:2      | Became a worshipper of Beogh the Brigand
   592 | D:2      | Found a faded altar of an unknown god.
   677 | D:2      | Reached skill level 5 in Axes
   884 | D:2      | Reached XP level 4. HP: 39/39 MP: 4/4
  1193 | D:3      | Found a snail-covered altar of Cheibriados.
  1196 | D:3      | Found a bloodstained altar of Trog.
  1513 | D:3      | Found Wihaotaz's General Store.
  1531 | D:3      | Found an opulent altar of Gozag.
  1557 | D:3      | Found a transporter.
  1561 | D:3      | Reached * piety under Beogh
  1604 | D:3      | Noticed GiantSquids's ghost (amateur BaHu)
  1646 | D:3      | Reached XP level 5. HP: 45/46 MP: 5/5
  1705 | D:3      | Found a transporter.
  1920 | D:4      | Noticed a black bear
  1929 | D:4      | Killed a black bear
  1930 | D:4      | Reached skill level 5 in Fighting
  1950 | D:4      | Reached XP level 6. HP: 52/57 MP: 6/6
  2036 | D:4      | Reached ** piety under Beogh
  2321 | D:4      | Noticed a black bear
  2330 | D:4      | Killed a black bear
  2331 | D:4      | Reached XP level 7. HP: 55/66 MP: 7/7
  2423 | D:4      | Found a glowing drain.
  2427 | Sewer    | Entered a sewer
  2832 | D:5      | Entered Level 5 of the Dungeon
  2846 | D:5      | Noticed Pikel
  3102 | D:5      | Reached skill level 1 in Invocations
  3471 | D:5      | Reached XP level 8. HP: 70/75 MP: 9/9
  3539 | D:5      | Found Arine's Armour Shoppe.
  3587 | D:5      | Found a shimmering altar of Xom.
  3590 | D:5      | Found a burning altar of Makhleb.
  3595 | D:5      | Found a hide-covered altar of Uskayaw.
  3596 | D:5      | Found a shadowy altar of Dithmenos.
  3598 | D:5      | Found a radiant altar of Vehumet.
  3598 | D:5      | Found a white marble altar of Elyvilon.
  3601 | D:5      | Found an ornate altar of the Wu Jian Council.
  3603 | D:5      | Found a glowing golden altar of the Shining One.
  3606 | D:5      | Found a basalt altar of Yredelemnul.
  3860 | D:5      | Killed Pikel
  4095 | D:5      | Reached *** piety under Beogh
  4282 | D:5      | Found Laelal's Magic Scroll Emporium.
  4286 | D:5      | Bought a scroll of noise for 11 gold pieces
  4286 | D:5      | Bought a scroll of identify for 22 gold pieces
  4364 | D:5      | Found a staircase to the Ecumenical Temple.
  4422 | Temple   | Entered the Ecumenical Temple
  4683 | D:6      | Noticed a yak
  4683 | D:6      | Noticed a yak
  4683 | D:6      | Noticed a yak
  4684 | D:6      | Noticed a yak
  4684 | D:6      | Noticed a yak
  4684 | D:6      | Noticed a yak
  4731 | D:5      | Killed a yak
  4732 | D:5      | Reached XP level 9. HP: 55/83 MP: 12/12
  4923 | D:6      | Found a hazy altar of Hepliaklqana.
  5172 | D:6      | Reached skill level 5 in Armour
  5172 | D:6      | Reached skill level 5 in Shields
  5183 | D:6      | Reached skill level 5 in Invocations
  5558 | D:5      | Bought a scroll of magic mapping for 82 gold pieces
  5610 | D:7      | Found a flagged portal.
  5619 | Bailey   | Entered a bailey
  5690 | Bailey   | Noticed an orc knight
  5702 | Bailey   | Killed an orc knight
  5703 | Bailey   | Reached skill level 10 in Axes
  5799 | Bailey   | Reached skill level 10 in Fighting
  6253 | D:7      | Reached XP level 10. HP: 75/93 MP: 14/14
  7172 | D:5      | Bought a +2 plate armour of fire resistance for 520 gold
                  | pieces
  7372 | D:8      | Reached **** piety under Beogh
  7407 | D:8      | Gained Garbold as an ally
  7420 | D:8      | Your ally Garbold died
  7809 | D:8      | Noticed Maggie
  7815 | D:8      | Killed Maggie
  8103 | D:9      | Found Pufagen's Fire Supplies.
  8615 | D:9      | Found a sparkling altar of Nemelex Xobeh.
  8730 | D:9      | Identified the +1 robe of the Cockroach {+Inv rPois rN+
                  | Int-5}
  8813 | D:10     | Entered Level 10 of the Dungeon
  9292 | D:10     | Found a shimmering blue altar of Sif Muna.
 10253 | D:11     | Noticed a two-headed ogre
 10260 | D:11     | Killed a two-headed ogre
 10261 | D:11     | Reached XP level 11. HP: 92/99 MP: 15/17
 10321 | D:11     | Paralysed by a hornet for 1 turns
 10602 | D:11     | Noticed a green ugly thing
 10607 | D:11     | Killed a green ugly thing
 10671 | D:11     | Identified a scroll of acquirement
 10682 | D:11     | Acquired a manual of Shields
 10696 | D:11     | Killed an oklob plant
 10708 | D:11     | Found a staircase to the Lair.
 10824 | D:11     | Reached ***** piety under Beogh
 10841 | D:11     | Noticed a white ugly thing
 10847 | D:11     | Killed a white ugly thing
 10847 | D:11     | Gained Ogrik as an ally
 11351 | Lair:1   | Entered Level 1 of the Lair of Beasts
 11851 | Lair:1   | Noticed a catoblepas
 11866 | Lair:1   | Killed a catoblepas
 12395 | Lair:2   | Found a staircase to the Snake Pit.
 12395 | Lair:2   | Noticed a salamander
 12409 | Lair:2   | Killed a salamander
 12666 | Lair:2   | Reached skill level 10 in Shields
 12671 | Lair:2   | Reached skill level 10 in Invocations
 12674 | Lair:2   | Gained Norbak as an ally
 12833 | Lair:2   | Reached skill level 1 in Evocations
 12970 | Lair:2   | Noticed an oklob plant
 12984 | Lair:2   | Killed an oklob plant
 12985 | Lair:2   | Identified the +6 rapier of the Shifting Jester {holy,
                  | *Slow rN+ SInv Stlth+}
 13227 | Lair:3   | Noticed Fannar
 13233 | Lair:3   | Killed Fannar
 13234 | Lair:3   | Reached XP level 12. HP: 100/106 MP: 11/19
 13344 | Lair:3   | Found a runed translucent door.
 13795 | Lair:3   | Found a staircase to the Shoals.
 14034 | Lair:3   | Reached skill level 1 in Throwing
 14343 | Lair:4   | Reached skill level 5 in Evocations
 14343 | Lair:4   | Noticed a four-headed hydra
 14349 | Lair:4   | Killed a four-headed hydra
 14497 | Lair:4   | Found a runed translucent door.
 14498 | Lair:4   | Found a staircase to the Slime Pits.
 14498 | Lair:4   | Noticed an acid blob
 14498 | Lair:4   | Noticed an acid blob
 15033 | Lair:5   | Entered Level 5 of the Lair of Beasts
 15058 | Lair:5   | Reached skill level 5 in Throwing
 15268 | Lair:5   | Noticed a death yak
 15270 | Lair:5   | Noticed a death yak
 15270 | Lair:5   | Noticed a death yak
 15271 | Lair:5   | Noticed a death yak
 15278 | Lair:5   | Killed a death yak
 15283 | Lair:5   | Killed a death yak
 15284 | Lair:5   | Reached XP level 13. HP: 91/113 MP: 15/20
 15285 | Lair:5   | Reached skill level 15 in Axes
 15383 | Lair:5   | Your ally Ogrik died
 15400 | Lair:5   | Gained Brunolf as an ally
 15514 | Lair:5   | Found a glowing golden altar of the Shining One.
 15605 | Lair:5   | Reached ****** piety under Beogh
 15936 | Lair:5   | Found the +0 pair of fencer's gloves {Riposte Dex+3}
 16806 | D:12     | Noticed Lodul
 16808 | D:12     | Found a staircase to the Orcish Mines.
 16820 | D:12     | Killed Lodul
 16832 | Orc:1    | Entered Level 1 of the Orcish Mines
 17235 | Orc:2    | Entered Level 2 of the Orcish Mines
 17257 | Orc:2    | Gained Morguth as an ally
 17267 | Orc:2    | Gained Harm as an ally
 17270 | Orc:2    | Your ally Harm died
 17285 | Orc:1    | Noticed Sonja
 17288 | Orc:1    | Killed Sonja
 17289 | Orc:1    | Gained Norbak as an ally
 17483 | Orc:2    | Found Qumut's Distillery.
 17483 | Orc:2    | Found Rywam's Antique Armour Emporium.
 17507 | Orc:2    | Reached skill level 10 in Armour
 17553 | Orc:2    | Found Lihelyan's Antique Weapon Boutique.
 17555 | Orc:2    | Found Wunn's Antique Weapon Shoppe.
 17629 | Orc:2    | Bought a runed spear for 180 gold pieces
 17928 | Orc:2    | Found a staircase to the Elven Halls.
 17957 | Orc:2    | Found a radiant altar of Vehumet.
 18089 | Orc:2    | Noticed an orc warlord
 18096 | Orc:2    | Killed an orc warlord
 18531 | Snake:1  | Entered Level 1 of the Snake Pit
 18546 | Snake:1  | Found Useud's Weapon Shop.
 18560 | Snake:1  | Reached skill level 15 in Shields
 18650 | Snake:1  | Reached XP level 14. HP: 120/121 MP: 21/23
 18700 | Snake:1  | Gained Bolgrim as an ally
 19056 | Snake:1  | Your ally Bolgrim died
 19062 | Snake:1  | Slain by a naga warrior

Illustrated notes

Levels and vault maps discovered:
D:1:      mrwooster_arrival_statue_3, layout_basic
D:2:      layout_basic, basic_ecumenical_altar
D:3:      layout_rooms, nicolae_gozag_cash_rules_everything_around_me,
          nicolae_overflow_squiral, gammafunk_ghost_arena, serial_shops,
          nicolae_shop_advertising_works [nicolae_subvault_shop_adworks],
          minmay_misc_feat_plants, minmay_rat_hole
D:4:      layout_basic, gup_sewer_entry_spiral
D:5:      layout_cave_pools, nicolae_overflow_hallway_of_the_gods,
          minmay_temple_entry_enclosed_plants, serial_gnoll_camp,
          gnoll_camp_mini_shop, gnoll_camp_mini_loothouse,
          gnoll_camp_mini_doghouse, gnoll_camp_mini_shop, uniq_pikel
D:6:      layout_rooms, lemuel_crystal_altar, moated_statue,
          minmay_misc_feat_alley, chequers_serial_rivers_micro_d,
          grunt_ministairs_2
D:7:      layout_basic, enter_bailey_2, kennysheep_small_circle
D:8:      layout_loops_corners, introduction_to_nature_1, uniq_maggie
D:9:      layout_gridville, mainiacjoe_overflow_cross_hatched,
          dreamdust_wishing_well, nicolae_shop_fire_sale
          [nicolae_sub_dead_trees]
D:10:     layout_layer_cave, nicolae_sif_muna_condensation
D:11:     nicolae_BIG_FREAKIN_CUBE, layout_basic, dpeg_oklobed_lair,
          amethyst_killhole
D:12:     layout_cave_pods, orc_0_dummy, uniq_snorg, uniq_lodul, uniq_jorgrun
Temple:   nicolae_temple_great_sept
Lair:1:   layout_misc_corridors, evilmike_ambush [evilmike_ambush_outer_basic,
          evilmike_ambush_inner_basic]
Lair:2:   layout_gridlike, nicolae_snake_entry_warm_welcome,
          minmay_lair_oklob_items, serial_bayou_shore_a, grunt_megastairs_2,
          infiniplex_staircase_pool
Lair:3:   gammafunk_mikee_crab_dinner, layout_misc_corridors,
          minmay_shoals_entry_hut, gauntlet_entry_generic, uniq_fannar
Lair:4:   layout_roguey, slime_entry_2
Lair:5:   grunt_lair_end_beastmaster, layout_hall_layers, special_room
          [special_room_bee], basic_altar, grunt_megastairs_4
Snake:1:  layout_onion, serial_shops, nicolae_shop_bloodbath_and_beyond
Orc:1:    layout_caves, uniq_sonja
Orc:2:    st_orc_rangers, layout_caves, basic_altar

Skill      XL: |  1  2  3  4  5  6  7  8  9 10 11 12 13 14 |
---------------+-------------------------------------------+-----
Axes           | 3 4 5 6 7 8 10 12 14 16 | 16.9
Fighting       | 4 6 7 8 9 10 | 10.0
Invocations    | 2 4 6 8 10 12 | 12.0
Armour         | 4 6 7 8 10 | 10.0
Shields        | 4 6 7 11 12 15 16 | 16.0
Evocations     | 3 6 8 |  8.0
Throwing       | 5 |  5.0

Action                     |  1- 3 |  4- 6 |  7- 9 | 10-12 | 13-15 || total
---------------------------+-------+-------+-------+-------+-------++-------
  Melee: War axe           |    62 |   130 |   280 |   310 |   118 ||   900
         Unarmed           |       |       |     5 |       |       ||     5
         Broad axe         |       |       |       |       |    41 ||    41
  Throw: Boomerang         |       |       |     2 |     2 |     3 ||     7
 Invoke: Convert to Beogh  |     1 |       |       |       |       ||     1
         Smiting           |       |       |     2 |     4 |     1 ||     7
         Recall Orcish Fol |       |       |       |    15 |    26 ||    41
         Give Item to Name |       |       |       |     2 |     4 ||     6
    Use: Potion            |       |     2 |     1 |       |     1 ||     4
         Scroll            |       |       |    11 |    19 |     9 ||    39
   Stab: Distracted        |       |       |       |     6 |       ||     6
         Petrified         |       |       |       |       |     6 ||     6
         Petrifying        |       |       |       |       |     1 ||     1
 Armour: Scale mail        |    39 |       |       |       |       ||    39
         Plate armour      |       |   109 |   218 |   206 |   115 ||   648
         Skin              |       |     1 |     4 |       |       ||     5
  Dodge: Dodged            |    22 |    33 |    91 |    58 |    47 ||   251
         Repelled          |       |       |       |     2 |     2 ||     4
  Block: Buckler           |    24 |    36 |    92 |       |       ||   152
         Kite shield       |       |       |     5 |   200 |   183 ||   388
Riposte: War axe           |       |       |       |       |    21 ||    21
         Broad axe         |       |       |       |       |    16 ||    16

Table legend: (Time is in decaauts)
 A = Elapsed time spent in this place.
 B = Non-inter-level travel time spent in this place.
 C = Inter-level travel time spent in this place.
 D = Time resting spent in this place.
 E = Time spent auto-exploring this place.
 F = Levels seen in this place.
 G = Mean time per level.
                   A        B        C        D        E       F      G
               +--------+--------+--------+--------+--------+-----+--------+
         Total |  19230 |  17346 |   1884 |    331 |  13629 |  23 |  836.1 |
       Dungeon |  11533 |  10304 |   1229 |    326 |   7912 |  12 |  961.1 |
        Temple |     81 |     68 |     13 |      0 |     62 |   1 |   81.0 |
          Lair |   5448 |   4966 |    482 |      0 |   4098 |   5 | 1089.6 |
     Snake Pit |    356 |    346 |     10 |      0 |    237 |   1 |  356.0 |
  Orcish Mines |   1327 |   1178 |    149 |      5 |    977 |   2 |  663.5 |
         Sewer |    130 |    130 |      0 |      0 |     63 |   1 |  130.0 |
        Bailey |    353 |    353 |      0 |      0 |    280 |   1 |  353.0 |
               +--------+--------+--------+--------+--------+-----+--------+

Top non-repeatable levels by time:
     D:5: 1608 daAuts
    D:10: 1444 daAuts
  Lair:5: 1246 daAuts
    D:11: 1242 daAuts
  Lair:4: 1123 daAuts
     D:4: 1102 daAuts
  Lair:3: 1047 daAuts
     D:8: 1046 daAuts
  Lair:2: 1046 daAuts
  Lair:1: 984 daAuts
     D:7: 959 daAuts
     D:6: 918 daAuts
     D:9: 798 daAuts
     D:3: 756 daAuts
     D:2: 752 daAuts
